 Dungeon Crawl Stone Soup version 0.25.1-2-g60ff931df9 (webtiles) character file.

Game seed: 11722085148107707355

9842 sahdkjhfkaj the Grappler (level 11, 0/117 HPs)
             Began as a Troll Arcane Marksman on Oct 27, 2020.
             Was a Believer of Qazlal.
             Slain by a killer bee (8 damage)
             ... on level 10 of the Dungeon on Oct 28, 2020.
             The game lasted 00:23:03 (8831 turns).

sahdkjhfkaj the Grappler (Troll Arcane Marksman)    Turns: 8831, Time: 00:23:03

Health: 0/117      AC:  7    Str: 23    XL:     11   Next: 28%
Magic:  20/20      EV: 10    Int:  9    God:    Qazlal [**....]
Gold:   1349       SH:  3    Dex: 10    Spells: 11/12 levels left

rFire    . . .     SeeInvis +     - Unarmed
rCold    . . .     Gourm    +   (no shield)
rNeg     . . .     Faith    .   a - +1 robe
rPois    .         Spirit   .   (helmet restricted)
rElec    .         Reflect  .   (no cloak)
rCorr    .         Harm     .   (gloves unavailable)
MR       .....                  (boots unavailable)
Stlth    +.........             (no amulet)
HPRegen  0.69/turn              w - ring of see invisible
MPRegen  0.17/turn              p - ring of magical power

@: lethally poisoned (0 -> -6)
A: large, unfitting armour, claws 3, fast metabolism 3, gourmand, regeneration
1, shaggy fur 1, tough skin 3
a: Upheaval, Renounce Religion


You were on level 10 of the Dungeon.
You worshipped Qazlal.
Qazlal was pleased with you.
You were very full.

You visited 2 branches of the dungeon, and saw 12 of its levels.

You collected 1349 gold pieces.

Inventory:

Missiles
 c - 6 large rocks (quivered)
 d - 3 throwing nets {!f}
Armour
 a - a +1 robe (worn)
Jewellery
 p - a ring of magical power (right claw)
 w - a ring of see invisible (left claw)
Wands
 q - a wand of disintegration (19)
 s - a wand of clouds (2)
 v - a wand of iceblast (19)
 y - a wand of paralysis (16)
Scrolls
 e - 2 scrolls of teleportation {!r}
 i - a scroll of amnesia {!r}
 l - 5 scrolls of fog {!r}
 m - 5 scrolls of remove curse {!r}
 n - a scroll of enchant armour {!r}
 r - 2 scrolls of magic mapping {!r}
 u - a scroll of silence {!r}
Potions
 b - 2 potions of magic {!q}
 g - 2 potions of flight {!q}
 h - 3 potions of lignification {!q}
 j - 3 potions of brilliance {!q}
 k - 2 potions of resistance {!q, unknown}
 o - a potion of stabbing {!q, unknown}
 t - a potion of curing {!q}
 x - a potion of degeneration {!q, unknown}
Comestibles
 f - 19 rations
 z - 2 chunks of flesh


   Skills:
 - Level 10.0 Fighting
 + Level 8.4 Throwing
 - Level 1.5 Dodging
 - Level 10.0 Unarmed Combat
 - Level 1.0 Spellcasting
 - Level 2.0 Hexes


You had 11 spell levels left.
You knew the following spells:

 Your Spells              Type           Power        Failure   Level  Hunger
a - Corona                Hex            #......      16%         1    ##.....

Your spell library contained the following spells:

 Spells                   Type           Power        Failure   Level  Hunger
 Slow                     Hex            #.......     24%         2    ###....
 Animate Skeleton         Necr           N/A          36%         1    ##.....
 Pain                     Necr           #...         36%         1    ##.....
 Sandblast                Erth           #.....       36%         1    ##.....
 Passwall                 Tmut/Erth      #.......     50%         2    ###....
 Poisonous Vapours        Pois/Air       #.....       50%         2    ###....
 Inner Flame              Hex/Fire       #.......     58%         3    ####...
 Portal Projectile        Hex/Tloc       #.....       58%         3    ####...
 Conjure Flame            Conj/Fire      #.......     73%         3    ####...
 Mephitic Cloud           Conj/Pois/Air  #.......     73%         3    ####...
 Stone Arrow              Conj/Erth      #.....       73%         3    ####...
 Vampiric Draining        Necr           #.........   73%         3    ####...
 Cause Fear               Hex            #.........   85%         4    #####..
 Leda's Liquefaction      Hex/Erth       #.........   94%         4    #####..
 Animate Dead             Necr           N/A          98%         4    #####..
 Petrify                  Tmut/Erth      #.......     98%         4    #####..
 Agony                    Necr           #.......     100%        5    ######.
 Lee's Rapid Deconstruct  Erth           #.........   100%        5    ######.
 Freezing Cloud           Conj/Ice/Air   #.........   100%        6    #######
 Ring of Flames           Chrm/Fire      #.........   100%        7    #######


Dungeon Overview and Level Annotations

Branches:
Dungeon (11/15)            Temple (1/1) D:6             Orc (0/2) D:10
   Lair: D:8-11

Altars:
Ashenzari
Cheibriados
Dithmenos
Elyvilon
Fedhas
Gozag
Hepliaklqana
Kikubaaqudgha
Makhleb
Nemelex Xobeh
Okawaru
Qazlal
Ru
Sif Muna
Trog
Uskayaw
Vehumet
Wu Jian
Xom
Yredelemnul
Zin
The Shining One

Annotations:
D:9 Grum, Harold


Innate Abilities, Weirdness & Mutations

You are too large for most types of armour.
You have claws for hands.
Your metabolism is lightning-fast.
You like to eat raw meat.
Your natural rate of healing is unusually fast.
You are covered in fur. (AC +1)
You have extremely tough skin. (AC +3)


Message History

* * * LOW HITPOINT WARNING * * *
You are more poisoned.
The killer bee poisons you!
* * * LOW HITPOINT WARNING * * *
You feel sick. The killer bee closely misses you.
Unknown command.
Unknown command.
Unknown command.
* * * LOW HITPOINT WARNING * * *
You feel very sick.
Unknown command.
* * * LOW HITPOINT WARNING * * *
You feel sick. You block the killer bee's attack. x2
* * * LOW HITPOINT WARNING * * *
You feel sick.
The killer bee stings you but does no damage.
You feel sick.
The killer bee stings you but does no damage.
The killer bee stings you!
You die...

#...# .....##O........ #.#
#.# #.#.).# #. ####<#### #..
#.oy.# #. #.......# #.#
##oYo# #. #..)....#
#..###.#..# ###.##..>....#
#.#.#.###.# .......(...).#
#.##.####...
.##.##.......####y........###
.##(............@y..#####.#
.##..#.......####y...## .#
###
.##..##########.......###.##
#.. .##..# #.###.#....... #..
.##..###### ###.
##...##.#####.. .##.....)...
... ##.#.#........
.....#######
##.#####..#.##<..... .#####
#.................. .#
#......)#.####.####


You could see 3 killer bees.

Vanquished Creatures
  A two-headed ogre (D:10)
  A deep elf mage (D:7)
  A cyclops (D:7)
  Joseph (D:8)
  A guardian serpent (D:9)
  Maggie (D:10)
  A troll (D:7)
  A slime creature (D:7)
  3 hippogriffs (D:8)
  A spriggan (D:7)
  A wraith (D:7)
  11 yaks
  A wyvern (D:8)
  A hungry ghost (D:10)
  2 steam dragons (D:6)
  Menkaure (D:4)
  2 water moccasins (D:8)
  3 ice beasts
  2 orc warriors (D:7)
  4 sky beasts
  A wolf (D:9)
  6 ogres
  5 centaurs
  6 bullfrogs
  A big kobold (D:7)
  2 scorpions (D:5)
  6 killer bees
  4 howler monkeys
  5 crimson imps
  A bullfrog zombie (D:8)
  A quasit (D:10)
  5 orc wizards
  2 bullfrog skeletons
  A centaur skeleton (D:7)
  4 hounds
  A jelly (D:7)
  2 iguanas
  6 worker ants
  A killer bee zombie (D:7)
  A hound zombie (D:7)
  A howler monkey zombie (D:7)
  2 worker ant zombies
  6 gnolls
  10 adders
  2 shadow imps
  3 oozes
  2 adder skeletons
  3 adder zombies
  5 worms
  A dart slug (D:1)
  A leopard gecko (D:2)
  13 orcs
  A ball python (D:7)
  6 giant cockroaches
  5 goblins
  9 hobgoblins
  3 jackals (D:3)
  3 kobolds
  3 quokkas
  3 bats
  3 frilled lizards
  A jackal skeleton (D:8)
  A jackal zombie (D:7)
  A quokka skeleton (D:4)
  7 rats
196 creatures vanquished.

Vanquished Creatures (others)
  An orc (D:6)
1 creature vanquished.

Grand Total: 197 creatures vanquished

Notes
Turn   | Place    | Note
-------+----------+-------------------------------------------
     0 | D:1      | sahdkjhfkaj the Troll Arcane Marksman began the quest for
                  | the Orb.
     0 | D:1      | Reached XP level 1. HP: 18/18 MP: 1/1
   148 | D:1      | Reached skill level 1 in Unarmed Combat
   148 | D:1      | Reached XP level 2. HP: 21/26 MP: 2/2
   567 | D:1      | Reached skill level 1 in Fighting
   906 | D:1      | Reached XP level 3. HP: 35/35 MP: 3/3
  1430 | D:2      | Found a white marble altar of Elyvilon.
  1447 | D:2      | Became a worshipper of Elyvilon the Healer
  1559 | D:2      | Reached XP level 4. HP: 42/42 MP: 4/4
  1649 | D:2      | Found a sacrificial altar of Ru.
  1867 | D:3      | Reached * piety under Elyvilon
  2433 | D:3      | Reached XP level 5. HP: 49/49 MP: 5/5
  2647 | D:4      | Noticed Menkaure
  2664 | D:4      | Killed Menkaure
  2664 | D:4      | Reached skill level 5 in Unarmed Combat
  2664 | D:4      | Reached XP level 6. HP: 25/61 MP: 6/6
  2787 | D:4      | Reached ** piety under Elyvilon
  3230 | D:5      | Entered Level 5 of the Dungeon
  3387 | D:5      | Reached XP level 7. HP: 70/70 MP: 7/7
  3868 | D:5      | HP: 2/70 [centaur (8)]
  4047 | D:5      | Reached *** piety under Elyvilon
  4651 | D:5      | Reached skill level 5 in Fighting
  4651 | D:5      | Reached XP level 8. HP: 80/80 MP: 8/8
  4988 | D:6      | Found a staircase to the Ecumenical Temple.
  5017 | D:6      | HP: 4/80 [centaur/cursed +0 shortbow (5)]
  5241 | Temple   | Entered the Ecumenical Temple
  5446 | Temple   | Fell from the grace of Elyvilon
  5446 | Temple   | Became a worshipper of Qazlal Stormbringer
  5503 | D:6      | Reached XP level 9. HP: 57/89 MP: 9/9
  5584 | D:6      | Found a snail-covered altar of Cheibriados.
  6223 | D:7      | Noticed a troll
  6229 | D:7      | Killed a troll
  6235 | D:7      | Reached skill level 5 in Throwing
  6296 | D:7      | Noticed a deep elf mage
  6305 | D:7      | Killed a deep elf mage
  6305 | D:7      | Reached * piety under Qazlal
  6305 | D:7      | Reached skill level 10 in Unarmed Combat
  6404 | D:7      | Noticed a cyclops
  6415 | D:7      | Killed a cyclops
  6415 | D:7      | Reached XP level 10. HP: 60/104 MP: 10/10
  6975 | D:7      | Identified a scroll of acquirement {!r}
  6978 | D:8      | Acquired 890 gold pieces
  7820 | D:9      | Noticed Joseph
  7827 | D:8      | Killed Joseph
  8105 | D:9      | Reached ** piety under Qazlal
  8109 | D:9      | Noticed a guardian serpent
  8212 | D:9      | Killed a guardian serpent
  8212 | D:9      | Reached skill level 10 in Fighting
  8350 | D:9      | Noticed Grum
  8375 | D:9      | Noticed Harold
  8397 | D:9      | You fall into a shaft and drop 2 floors!
  8401 | D:10     | Entered Level 10 of the Dungeon
  8457 | D:10     | Noticed a two-headed ogre
  8473 | D:10     | Killed a two-headed ogre
  8473 | D:10     | Reached XP level 11. HP: 45/117 MP: 11/11
  8509 | D:10     | Noticed Maggie
  8523 | D:10     | Killed Maggie
  8721 | D:10     | Found a staircase to the Orcish Mines.
  8831 | D:10     | Slain by a killer bee

Illustrated notes

Levels and vault maps discovered:
D:1:      wander_arrival_estate, layout_loops_corners
D:2:      layout_loops_ring, nicolae_ru_the_path_less_chosen, elyvilon_altar_3
D:3:      layout_basic
D:4:      layout_basic, uniq_menkaure
D:5:      layout_layer_cave, first_ration, grunt_ministairs_11
D:6:      cheibrodos_steamvent, layout_rooms, temple_green, basic_altar
D:7:      minmay_the_grid_octo_tiled_octocenter [minmay_the_grid_octo_teeth,
          minmay_the_grid_octo_concentric, minmay_the_grid_octo_focus,
          minmay_the_grid_octo_fat_diamond,
          minmay_the_grid_octo_prize_single_spiral,
          minmay_the_grid_square_5x5_detours, minmay_the_grid_square_5x5_eight,
          minmay_the_grid_square_5x5_comb,
          minmay_the_grid_square_5x5_half_checkered], layout_loops_ring,
          the_bakery
D:8:      layout_basic
D:9:      layout_roguey, grunt_ministairs_1, nrook_guardian_serpent_ordinary,
          uniq_harold, uniq_joseph, uniq_grum
D:10:     layout_loops_ring, orc_0_dummy, enter_bailey_2, uniq_maggie
D:11:     layout_long_grid, due_lair_maze_entry_diamond, grunt_decor_arrowhead
Temple:   kilobyte_greek_temple

Skill      XL: |  1  2  3  4  5  6  7  8  9 10 11 |
---------------+----------------------------------+-----
Unarmed Combat | 1 2 4 5 7 9 10 | 10.0
Fighting       | 1 2 3 4 5 6 7 10 | 10.0
Throwing       | 5 7 8 |  8.4
Dodging        | |  1.5
Spellcasting   | |  1.0
Hexes          | |  2.0

Action                   |  1- 3 |  4- 6 |  7- 9 | 10-12 || total
-------------------------+-------+-------+-------+-------++-------
Melee: Unarmed           |    85 |    96 |   249 |   225 ||   655
       Punch             |       |     3 |     8 |     7 ||    18
Throw: Large rock        |     4 |       |     4 |       ||     8
Invok: Lesser Healing    |       |     1 |     1 |       ||     2
Evoke: Wand              |       |       |     4 |     5 ||     9
  Use: Potion            |     1 |     2 |     4 |     1 ||     8
       Scroll            |       |     6 |     7 |     7 ||    20
 Stab: Sleeping          |       |     1 |     1 |       ||     2
  Eat: Chunk             |    19 |    15 |    30 |    25 ||    89
Armor: Robe              |    49 |    27 |    76 |    74 ||   226
Dodge: Dodged            |    39 |    36 |   123 |   119 ||   317
Block: Other             |       |       |       |    20 ||    20
